 Dungeon Crawl Stone Soup version 0.31-a0-208-gdb31a4691d (webtiles) character file.

Game seed: 58344862056013346

15604 funkygono the Severer (level 12, -3/106 HPs)
             Began as a Minotaur Fighter on June 28, 2023.
             Was a High Priest of Okawaru.
             Killed from afar by an ironbound frostheart (29 damage)
             ... by creeping frost
             ... in an ice cave.
             The game lasted 00:19:13 (9415 turns).

funkygono the Severer (Minotaur Fighter)            Turns: 9415, Time: 00:19:14

Health: -3/106     AC: 35    Str: 26    XL:     12   Next: 2%
Magic:  9/12       EV: 11    Int:  5    God:    Okawaru [*****.]
Gold:   1541       SH:  0    Dex: 13    Spells: 11/11 levels left

rFire   . . .        d - +3 broad axe "Peebronn" {protect, Dex+3}
rCold   . . .        (no shield)
rNeg    . . .        x - +0 plate armour
rPois   +            (helmet restricted)
rElec   .            q - +0 cloak
rCorr   .            c - +2 pair of gloves
SInv    .            H - +0 pair of boots {Fly}
Will    .....        (no amulet) Stlth
                     r - ring of poison resistance
HPRegen 0.37/turn    i - +4 ring of protection
MPRegen 0.13/turn

%: no passive effects
@: heroic, under a protective aura, flying
A: horns 2, retaliatory headbutt
a: Renounce Religion, Heroism, Finesse, Duel


You were in an ice cave.
You worshipped Okawaru.
Okawaru was extremely pleased with you.
You visited 3 branches of the dungeon, and saw 11 of its levels.
You also visited: Bailey and Ice Cave.

You collected 1541 gold pieces.

Inventory:

Hand Weapons
 a - a +1 heavy war axe
 d - the +3 broad axe "Peebronn" (weapon) {protect, Dex+3}
   (Okawaru gifted it to you in an ice cave)

   Dex:       It affects your dexterity (+3).
 G - the +16 obsidian axe {drain, demonic, Mesm Drain Fly SInv}
   (You found it in a bailey)

   Mesm:      Its wielder is mesmerised by any visible foes, and it cannot be
   unequipped while any foes are visible.
   SInv:      It lets you see invisible.
   Fly:       It grants you flight.
   Drain:     It drains your maximum health when unequipped.
Missiles
 l - 7 javelins
 v - 2 throwing nets
 A - 21 boomerangs (quivered)
Armour
 c - a +2 pair of gloves (worn)
 g - +0 ice dragon scales
 q - a +0 cloak (worn)
 x - a +0 plate armour (worn)
 H - a +0 pair of boots of flying (worn)
Jewellery
 i - a +4 ring of protection (right hand)
 r - a ring of poison resistance (left hand)
 s - a ring of willpower
 y - a ring of protection from fire
Wands
 h - a wand of polymorph (4)
 w - a wand of flame (9)
 J - a wand of acid (10)
Scrolls
 b - 6 scrolls of teleportation
 f - a scroll of enchant armour {unknown}
 u - a scroll of blinking
 z - 2 scrolls of silence
 C - a scroll of revelation
 I - 2 scrolls of poison
 M - a scroll of fear
Potions
 e - a potion of invisibility
 k - 2 potions of berserk rage
 o - a potion of attraction {unknown}
 t - 3 potions of curing
 D - a potion of heal wounds {unknown}
 E - a potion of ambrosia {unknown}
 F - 3 potions of enlightenment
 K - a potion of cancellation {unknown}
 N - a potion of haste {unknown}
 O - a potion of mutation {unknown}


   Skills:
 + Level 10.2(15.2) Fighting
 + Level 16.1(21.1) Axes
 + Level 3.3(8.3) Throwing
 + Level 11.2(16.2) Armour
 + Level 3.1(8.1) Dodging
 + Level 1.3(6.3) Stealth
 + Level 7.5(12.5) Shields
 + Level 2.1 Invocations


You had 11 spell levels left.
You didn't know any spells.
Your spell library contained the following spells:

 Spells                   Type           Power      Damage    Failure   Level
 Olgreb's Toxic Radiance  Pois           0%         N/A       100%        4
 Discord                  Hex            0%         N/A       100%        8
 Ignition                 Fire           0%         3d3       100%        8


Dungeon Overview and Level Annotations

Branches:
Dungeon (9/15)             Temple (1/1) D:5            Lair (1/5) D:9
    Orc (0/2) D:9          Bailey (visited)           IceCv (1/1)

Altars:
Ashenzari
Cheibriados
Dithmenos
Fedhas
Gozag
Hepliaklqana
Makhleb
Nemelex Xobeh
Okawaru
Qazlal
Ru
Sif Muna
Trog
Uskayaw
Vehumet
Xom
Yredelemnul
Zin
The Shining One


Innate Abilities, Weirdness & Mutations

You have a pair of horns on your head.
You reflexively headbutt those who attack you in melee.


Message History

Okawaru accepts your kill.
You have reached level 12!
You feel stronger.
You slice the polar bear!!
The polar bear is severely wounded.
The polar bear goes berserk!
You hit the polar bear but do no damage.
The polar bear is severely wounded.
The polar bear bites you but does no damage.
The polar bear closely misses you. The polar bear claws you.
You slice the polar bear!!
You kill the polar bear!
Okawaru accepts your kill.
The ironbound frostheart calls freezing cold from the walls.
The frost grips you!!!
* * * LOW HITPOINT WARNING * * *
You are encased in ice.
You hear a shout!
The death yak gores you but does no damage.
The ironbound frostheart barely misses you.
Things that are here:
a polar bear corpse; a polar bear corpse You slice the ironbound frostheart!!
The ironbound frostheart is heavily wounded.
You slash the death yak!
The death yak gores you but does no damage.
The ironbound frostheart touches you but does no damage.
You slash the ironbound frostheart!
The ironbound frostheart is severely wounded.
You slash the death yak!
The ironbound frostheart calls freezing cold from the walls.
The frost grips you but does no damage.
The death yak gores you but does no damage.
You hit the ironbound frostheart but do no damage.
The ironbound frostheart is severely wounded.
You barely miss the death yak. The ice encasing you melts away.
The ironbound frostheart calls freezing cold from the walls.
The frost grips you!!
You die...
Yp.

# ..Y ### #h. ..### #.h #...#
##.. #..## ##.. ###.#########.h#
####..##≈≈≈###p####
##...##≈≈≈≈≈≈#Yp@)### ###
###..#≈≈≈≈≈≈≈≈#Y##..#####.###
#..###≈≈≈≈≈≈≈≈≈..#.#..##.#..###
.### #≈≈≈≈≈≈≈##.######..####..#
## ##≈≈≈≈≈≈≈### ####### #..###
### ##~~≈≈≈≈≈####...### ##...##
#.#####~~~######....#...###..⌠..#
..#.##†~##..##.....####..###...##
...#.~######......## ##..†...##


You could see 2 death yaks and 2 ironbound frosthearts.

Vanquished Creatures
  A two-headed ogre (D:9)
  A death yak (IceCv)
  Pikel (D:8)
  An orc knight (Bailey)
  An ugly thing (IceCv)
  An ice statue (IceCv)
  A cane toad (Lair:1)
  A kobold demonologist (D:8)
  3 rime drakes
  A komodo dragon (D:9)
  7 polar bears (IceCv)
  A wyvern (D:9)
  A basilisk (Lair:1)
  30 yaks
  Eustachio (D:4)
  Edmund (D:3)
  A steam dragon (D:9)
  4 water moccasins
  11 orc warriors
  2 black bears (D:9)
  2 sky beasts (D:7)
  13 wolves (IceCv)
  A centaur (D:6)
  Blork the orc (D:4)
  A kobold brigand (D:9)
  4 bullfrogs
  2 scorpions
  4 wights
  3 killer bees (D:9)
  2 howler monkeys (D:8)
  6 orc priests
  2 gnoll boudas
  A jelly (D:8)
  Crazy Yiuf (D:4)
  An iguana (D:5)
  8 orc wizards
  Robin (D:4)
  20 gnolls
  6 adders
  A shadow imp (D:8)
  A white imp (D:6)
  2 ufetubi
  3 worms
  6 dart slugs
  35 orcs
  5 ball pythons
  8 endoplasms
  10 giant cockroaches
  17 goblins
  11 hobgoblins
  4 jackals (D:1)
  7 quokkas
  7 bats
  6 frilled lizards
  18 kobolds
  5 rats
296 creatures vanquished.

Vanquished Creatures (others)
  An orc wizard (D:6)
1 creature vanquished.

Grand Total: 297 creatures vanquished

Notes
Turn   | Place    | Note
-------+----------+-------------------------------------------
     0 | D:1      | funkygono the Minotaur Fighter began the quest for the Orb.
     0 | D:1      | Reached XP level 1. HP: 19/19 MP: 0/0
   225 | D:1      | Reached XP level 2. HP: 26/27 MP: 1/1
   906 | D:2      | Reached XP level 3. HP: 33/33 MP: 2/2
  1221 | D:2      | Reached skill level 3 in Axes
  1263 | D:2      | Found a shimmering altar of Xom.
  1515 | D:3      | Reached XP level 4. HP: 40/40 MP: 3/3
  1920 | D:3      | Reached skill level 4 in Axes
  1920 | D:3      | Reached XP level 5. HP: 32/47 MP: 4/4
  2384 | D:3      | Found a snail-covered altar of Cheibriados.
  2665 | D:4      | Noticed Eustachio
  2667 | D:4      | Noticed Edmund
  2678 | D:4      | Killed Eustachio
  2679 | D:4      | Reached skill level 5 in Axes
  2679 | D:4      | Reached skill level 1 in Dodging
  2679 | D:4      | Reached skill level 5 in Shields
  2679 | D:4      | Reached XP level 6. HP: 50/53 MP: 5/5
  2824 | D:3      | Killed Edmund
  2825 | D:3      | Reached skill level 5 in Armour
  3176 | D:4      | Noticed Blork the orc
  3187 | D:4      | Killed Blork the orc
  3188 | D:4      | Reached skill level 5 in Fighting
  3188 | D:4      | Reached XP level 7. HP: 59/61 MP: 6/6
  3231 | D:4      | Reached skill level 6 in Axes
  3342 | D:4      | Noticed Robin
  3350 | D:4      | Killed Robin
  3523 | D:4      | Found a runed translucent door.
  3524 | D:4      | Noticed Crazy Yiuf
  3531 | D:4      | Killed Crazy Yiuf
  3551 | D:5      | Entered Level 5 of the Dungeon
  3723 | D:5      | Found a shadowy altar of Dithmenos.
  3968 | D:5      | Found a staircase to the Ecumenical Temple.
  3977 | Temple   | Entered the Ecumenical Temple
  4019 | Temple   | Became a worshipper of Warmaster Okawaru
  4477 | D:5      | Reached skill level 7 in Axes
  4664 | D:6      | Reached XP level 8. HP: 51/70 MP: 7/7
  4671 | D:6      | Reached * piety under Okawaru
  4782 | D:6      | Reached skill level 8 in Axes
  5266 | D:7      | Found a flagged portal.
  5274 | Bailey   | Entered a bailey
  5395 | Bailey   | Found the +16 obsidian axe {drain, demonic, Mesm Drain Fly
                  | SInv}
  5398 | Bailey   | Identified the +0 barding of the New World {rN+ Will+
                  | rCorr}
  5483 | Bailey   | Noticed an orc knight
  5490 | Bailey   | Killed an orc knight
  5490 | Bailey   | Reached ** piety under Okawaru
  5491 | Bailey   | Reached skill level 9 in Axes
  5491 | Bailey   | Reached skill level 1 in Throwing
  5491 | Bailey   | Reached skill level 1 in Stealth
  5495 | Bailey   | Reached XP level 9. HP: 38/78 MP: 8/8
  5503 | Bailey   | Reached skill level 10 in Axes
  5506 | Bailey   | Reached *** piety under Okawaru
  6234 | D:8      | Noticed Pikel
  6241 | D:8      | Killed Pikel
  6242 | D:8      | Reached skill level 11 in Axes
  6364 | D:8      | Noticed a kobold demonologist
  6370 | D:8      | Killed a kobold demonologist
  6402 | D:8      | Reached **** piety under Okawaru
  6405 | D:8      | Reached XP level 10. HP: 66/88 MP: 9/9
  6410 | D:8      | Reached skill level 12 in Axes
  6845 | D:9      | Reached skill level 13 in Axes
  6854 | D:9      | Reached skill level 1 in Invocations
  6862 | D:9      | Reached ***** piety under Okawaru
  6863 | D:9      | Found a staircase to the Lair.
  7364 | D:9      | Found a staircase to the Orcish Mines.
  7499 | D:9      | Noticed a two-headed ogre
  7509 | D:9      | Killed a two-headed ogre
  7510 | D:9      | Reached skill level 14 in Axes
  8235 | Lair:1   | Entered Level 1 of the Lair of Beasts
  8297 | Lair:1   | Noticed a cane toad
  8302 | Lair:1   | Killed a cane toad
  8364 | Lair:1   | Found a frozen archway.
  8368 | Lair:1   | Reached XP level 11. HP: 86/95 MP: 11/11
  8377 | IceCv    | Entered an ice cave
  8381 | IceCv    | Received a gift from Okawaru
  8675 | IceCv    | Identified the +3 broad axe "Peebronn" {protect, Dex+3}
                  | (Okawaru gifted it to you in an ice cave)
  8675 | IceCv    | Received a gift from Okawaru
  8676 | IceCv    | Reached skill level 10 in Armour
  8838 | IceCv    | Reached skill level 15 in Axes
  9181 | IceCv    | Reached skill level 10 in Fighting
  9290 | IceCv    | Noticed a white ugly thing
  9300 | IceCv    | Killed a white ugly thing
  9385 | IceCv    | Noticed a death yak
  9385 | IceCv    | Noticed a death yak
  9385 | IceCv    | Noticed an ironbound frostheart
  9386 | IceCv    | Noticed a death yak
  9399 | IceCv    | Noticed an ironbound frostheart
  9404 | IceCv    | Killed a death yak
  9404 | IceCv    | Received a gift from Okawaru
  9405 | IceCv    | Reached skill level 16 in Axes
  9409 | IceCv    | Reached XP level 12. HP: 67/106 MP: 8/12
  9415 | IceCv    | Killed from afar by an ironbound frostheart

Illustrated notes

Levels and vault maps discovered:
D:1:      doesnt_arrival_eight_statues, layout_basic, minmay_worlds_worst_comb
D:2:      layout_basic, basic_altar, grunt_decor_one_mirror,
          minmay_small_reverse_x
D:3:      layout_basic, mainiacjoe_overflow_alcove_2, marbit_many_paths,
          kennysheep_generic_room_4
D:4:      layout_rooms, st_stairs_11, uniq_eustachio, uniq_edmund,
          uniq_crazy_yiuf_cottage, uniq_blork_the_orc, uniq_robin
D:5:      layout_loops_ring, nicolae_dithmenos_shadow_blocks,
          minmay_temple_entry_arrows
D:6:      layout_basic
D:7:      layout_basic, enter_bailey_2, amethyst_killhole
D:8:      layout_basic, uniq_pikel
D:9:      layout_basic, due_lair_maze_entry_diamond, david_orc_4,
          minmay_misc_feat_chi
Temple:   minmay_crystal_spiral_temple
Lair:1:   lemuel_slime, layout_loops_ring, portal_ice_cave_rime,
          chequers_serial_rivers_micro_a, minmay_lair_oklob_items,
          hangedman_lair_unloving_vines, serial_bayou_crossing,
          lemuel_fruit_tree
IceCv:    ice_cave_caverns_02

Skill      XL: |  1  2  3  4  5  6  7  8  9 10 11 |
---------------+----------------------------------+-----
Armour         | 4 5 6 7 8 9 11 | 11.2
Fighting       | 4 5 6 7 8 10 | 10.2
Shields        | 4 5 6 7 |  7.5
Axes           | 3 4 5 7 9 11 14 16 | 16.1
Dodging        | 1 2 3 |  3.1
Throwing       | 1 3 |  3.3
Stealth        | 1 |  1.3
Invocations    | 1 2 |  2.1

Action                     |  1- 3 |  4- 6 |  7- 9 | 10-12 || total
---------------------------+-------+-------+-------+-------++-------
  Melee: War axe           |   102 |   123 |   176 |   184 ||   585
         Headbutt          |    11 |    10 |    38 |    82 ||   141
         Broad axe         |       |       |    25 |   146 ||   171
         Punch             |       |       |       |     5 ||     5
  Throw: Stone             |       |     6 |    26 |       ||    32
         Boomerang         |       |       |     6 |       ||     6
 Invoke: Heroism           |       |       |     1 |    10 ||    11
    Use: Scroll            |       |     7 |     7 |     5 ||    19
         Potion            |       |     1 |       |       ||     1
 Armour: Scale mail        |    45 |    69 |    22 |       ||   136
         Plate armour      |       |       |   102 |   177 ||   279
  Dodge: Dodged            |    52 |    65 |    82 |   122 ||   321
  Block: Buckler           |    24 |    38 |    51 |    39 ||   152

Table legend: (Time is in decaauts)
 A = Elapsed time spent in this place.
 B = Non-inter-level travel time spent in this place.
 C = Inter-level travel time spent in this place.
 D = Time resting spent in this place.
 E = Time spent auto-exploring this place.
 F = Levels seen in this place.
 G = Mean time per level.
                   A        B        C        D        E       F      G
               +--------+--------+--------+--------+--------+-----+--------+
         Total |   9564 |   9290 |    274 |    493 |   6441 |  13 |  735.7 |
       Dungeon |   7767 |   7578 |    189 |    119 |   5637 |   9 |  863.0 |
        Temple |    208 |    124 |     84 |      0 |    103 |   1 |  208.0 |
          Lair |    146 |    146 |      0 |     72 |      0 |   1 |  146.0 |
        Bailey |    438 |    438 |      0 |      0 |    236 |   1 |  438.0 |
      Ice Cave |   1003 |   1003 |      0 |    302 |    465 |   1 | 1003.0 |
               +--------+--------+--------+--------+--------+-----+--------+

Top non-repeatable levels by time:
     D:9: 1498 daAuts
     D:3: 1214 daAuts
   IceCv: 1003 daAuts
     D:1: 891 daAuts
     D:2: 783 daAuts
     D:7: 758 daAuts
     D:4: 751 daAuts
     D:5: 744 daAuts
     D:8: 582 daAuts
     D:6: 545 daAuts
  Bailey: 438 daAuts
  Temple: 208 daAuts
  Lair:1: 146 daAuts
